 Dungeon Crawl Stone Soup version 0.25-a0-346-g140ab784a8 (webtiles) character file.

Game seed: 1137122425365386735, levelgen mode: deterministic

11314 AIAndy the Arsonist (level 11, -8/61 HPs)
             Began as a Deep Elf Fire Elementalist on Dec 31, 2019.
             Was an Elder of Fedhas.
             Mangled by a red ugly thing (18 damage)
             ... on level 11 of the Dungeon.
             The game lasted 01:24:31 (12232 turns).

AIAndy the Arsonist (Deep Elf Fire Elementalist)   Turns: 12232, Time: 01:24:32

Health: -8/61      AC:  7    Str:  7    XL:     11   Next: 47%
Magic:  7/26       EV: 21    Int: 22    God:    Fedhas [****..]
Gold:   523        SH:  0    Dex: 22    Spells: 16/29 levels left

rFire    . . .     SeeInvis +   Q - +3 broad axe (freeze)
rCold    . . .     Gourm    +   (no shield)
rNeg     . . .     Faith    .   J - +0 steam dragon scales
rPois    +         Spirit   .   (no helmet)
rElec    .         Reflect  .   (no cloak)
rCorr    .         Harm     .   (no gloves)
MR       +....                  x - +1 pair of boots
Stlth    +++.......             N - amulet "Etan" {Gourm Dex+7}
HPRegen  0.20/turn              K - ring of Udadun {rPois Slay+4 SInv}
MPRegen  0.20/turn              E - +3 ring of evasion

@: no status effects
A: no striking features
a: Wall of Briars, Grow Ballistomycete, Overgrow, Renounce Religion


You were on level 11 of the Dungeon.
You worshipped Fedhas.
Fedhas was greatly pleased with you.
You were very full.

You visited 1 branch of the dungeon, and saw 11 of its levels.

You collected 818 gold pieces.
You spent 295 gold pieces at shops.


   Skills:
 - Level 4.1 Fighting
 - Level 2.0 Short Blades
 - Level 6.6 Dodging
 - Level 2.4 Stealth
 + Level 9.6 Spellcasting
 + Level 10.9 Conjurations
 + Level 11.2 Fire Magic
 + Level 6.1 Invocations


You had 16 spell levels left.
You knew the following spells:

 Your Spells              Type           Power        Failure   Level  Hunger
c - Conjure Flame         Conj/Fire      ######..     1%          3    None
f - Fireball              Conj/Fire      ######....   1%          5    ####...
y - Sticky Flame          Conj/Fire      ######..     1%          4    ##.....
X - Foxfire               Conj/Fire      ####         1%          1    None

Your spell library contained the following spells:

 Spells                   Type           Power        Failure   Level  Hunger
 Dazzling Flash           Conj/Hex       ####..       1%          3    None
 Inner Flame              Hex/Fire       #####...     1%          3    None
 Mephitic Cloud           Conj/Pois/Air  ####....     4%          3    None
 Animate Skeleton         Necr           N/A          6%          1    None
 Apportation              Tloc           ##....       6%          1    None
 Confusing Touch          Hex            ##....       6%          1    None
 Corona                   Hex            ##.....      6%          1    None
 Summon Small Mammal      Summ           ##..         6%          1    None
 Ensorcelled Hibernation  Hex/Ice        ##....       10%         2    None
 Poisonous Vapours        Pois/Air       ##....       10%         2    None
 Confuse                  Hex            ##......     19%         3    None
 Tukima's Dance           Hex            ##......     19%         3    None
 Freezing Cloud           Conj/Ice/Air   ####......   91%         6    ######.
 Ring of Flames           Chrm/Fire      #####.....   99%         7    #######
 Chain Lightning          Conj/Air       ####......   100%        8    #######
 Lehudib's Crystal Spear  Conj/Erth      ####......   100%        8    #######
 Fire Storm               Conj/Fire      ######....   100%        9    #######
 Glaciate                 Conj/Ice       ####......   100%        9    #######

Inventory:

Hand Weapons
 w - a +6 short sword
 Q - a +3 broad axe of freezing (weapon)
Missiles
 b - 314 stones (quivered)
 f - 3 throwing nets {=f}
 i - 44 sling bullets
 u - 4 atropa-tipped darts
Armour
 x - a +1 pair of boots (worn)
 J - +0 steam dragon scales (worn)
 M - +0 acid dragon scales
 P - a +2 robe of magic resistance
Jewellery
 E - a +3 ring of evasion (right hand)
 K - the ring of Udadun (left hand) {rPois Slay+4 SInv}
   (You found it on level 9 of the Dungeon)

   [ring of see invisible]

   It affects your accuracy and damage with ranged weapons and melee attacks
   (+4).
   It protects you from poison.
   It lets you see invisible.
 N - the amulet "Etan" (around neck) {Gourm Dex+7}
   (You found it on level 9 of the Dungeon)

   [amulet of the gourmand]

   It allows you to eat raw meat even when not hungry.
   It affects your dexterity (+7).
 Z - an uncursed ring of wizardry
Wands
 s - a wand of paralysis (7)
 F - a wand of disintegration (3)
 H - a wand of digging (4)
Scrolls
 d - 2 scrolls of identify {@r1}
 h - 3 scrolls of remove curse {@r2}
 j - 6 scrolls of immolation {!r}
 l - 2 scrolls of amnesia {unknown}
 n - 6 scrolls of teleportation {@r4}
 o - 4 scrolls of enchant armour {unknown}
 v - 2 scrolls of fear
 y - a scroll of silence {unknown}
 A - a scroll of fog {unknown}
 D - 3 scrolls of blinking
 G - a scroll of magic mapping
 L - a scroll of brand weapon {unknown}
Potions
 a - 2 potions of resistance
 e - a potion of magic {unknown}
 k - 2 potions of agility
 m - 3 potions of heal wounds {@q2}
 p - 4 potions of curing {@q1}
 r - a potion of flight {unknown}
 t - a potion of cancellation {unknown}
 z - a potion of experience {unknown}
 B - a potion of haste {unknown}
 C - a potion of invisibility {unknown}
 I - a potion of brilliance {unknown}
Miscellaneous
 g - 2 boxes of beasts
 O - a lightning rod (4/4)
Comestibles
 c - 17 rations {@e1}
 q - a chunk of flesh

Dungeon Overview and Level Annotations

Branches:
Dungeon (11/15)            Temple (0/1) D:4
   Lair: D:8-11         Orc: D:9-12

Altars:
Ashenzari
Cheibriados
Elyvilon
Fedhas
Kikubaaqudgha
Ru
Vehumet

Shops:
D:4 :   D:8 ?

Annotations:
D:3 Robin
D:7 exclusion: hippogriff
D:11 exclusion: ugly thing

########## #......... #
#.#######. u ####
#.#################
....##u@..........>.....
.........###.........####
.............######.#####
.........##..# #........
..≈≈≈≈≈≈.....# #.#.####.
...≈≈≈≈≈.....# #.#.# #.
...≈≈≈≈≈.....####.#.# #.
#########≈≈≈≈≈≈........†#.#.#
#.
#....<...≈≈≈≈≈........#.#.#.#
#.


You could see a red ugly thing.


Message History

The red ugly thing resists.
The red ugly thing is moderately wounded.
Casting: Fireball (safe; 1% risk of failure)
Confirm with . or Enter, or press ? or * to list all spells.
Aiming: Fireball (safe; 1% risk of failure)
Press: ? - help, Shift-Dir - straight line, f/p - red ugly thing
Aim: a red ugly thing (moderately wounded)
The fireball explodes!
The fireball engulfs the red ugly thing.
The red ugly thing resists.
The red ugly thing is moderately wounded.
Casting: Fireball (safe; 1% risk of failure)
Confirm with . or Enter, or press ? or * to list all spells.
Aiming: Fireball (safe; 1% risk of failure)
Press: ? - help, Shift-Dir - straight line, f/p - red ugly thing
Aim: a red ugly thing (moderately wounded)
The fireball explodes!
The fireball engulfs the red ugly thing!
The red ugly thing resists.
The red ugly thing is heavily wounded.
You slash the red ugly thing! You freeze the red ugly thing.
The red ugly thing is heavily wounded.
The red ugly thing tentacle-slaps you!
You are engulfed in flames!
The red ugly thing tentacle-slaps you.
You are engulfed in flames!!
* * * LOW HITPOINT WARNING * * *
The red ugly thing tentacle-slaps you.
* * * LOW HITPOINT WARNING * * *
You are engulfed in flames!!
You die...
Fedhas appreciates your contribution to the ecosystem.

Skill      XL: |  1  2  3  4  5  6  7  8  9 10 11 |
---------------+----------------------------------+-----
Conjurations   | 2 3 4 5 6 8 9 10 | 10.9
Fire Magic     | 4 5 6 8 10 11 | 11.2
Spellcasting   | 4 5 6 8 9 |  9.6
Fighting       | 2 4 |  4.1
Dodging        | 3 4 6 |  6.6
Invocations    | 1 4 6 |  6.1
Short Blades   | 1 2 |  2.0
Stealth        | |  2.4

Action                   |  1- 3 |  4- 6 |  7- 9 | 10-12 || total
-------------------------+-------+-------+-------+-------++-------
Melee: Unarmed           |     3 |       |       |       ||     3
       Whip              |    13 |     5 |    85 |       ||   103
       Short sword       |       |       |    69 |    58 ||   127
       Broad axe         |       |       |       |    63 ||    63
 Cast: Foxfire           |    48 |    68 |   289 |    90 ||   495
       Sticky Flame      |       |     1 |     4 |       ||     5
       Fireball          |       |       |    10 |    66 ||    76
Evoke: Wand              |       |       |       |     1 ||     1
  Use: Potion            |       |     1 |       |       ||     1
       Scroll            |       |       |     5 |     6 ||    11
 Stab: Sleeping          |     1 |       |     1 |       ||     2
       Distracted        |       |       |       |     1 ||     1
  Eat: Chunk             |     1 |     3 |    19 |    29 ||    52
       Ration            |       |       |     1 |     3 ||     4
Armor: Robe              |     6 |     1 |       |       ||     7
       Skin              |       |     3 |       |       ||     3
       Leather armour    |       |       |    78 |       ||    78
       Steam dragon scal |       |       |     1 |    42 ||    43
Dodge: Dodged            |    24 |    18 |   141 |   151 ||   334

Levels and vault maps discovered:
D:1:      dpeg_arrival_shrine, layout_basic
D:2:      layout_rooms, chequers_temple_overflow_statue_of_worship
D:3:      layout_basic, first_ration, uniq_robin
D:4:      minmay_wonky_spiral, layout_rooms, elyvilon_altar_3,
          minmay_temple_entry_trees, serial_shops, shop_fountains
D:5:      minmay_diamond_boxcup, layout_rooms, lemuel_doored_altar,
          serial_shops, shop_statue, gammafunk_ghost_abyssal_escape,
          minmay_manual_macuahuitl, uniq_menkaure
D:6:      layout_basic
D:7:      layout_basic, grunt_ogre_cave
D:8:      layout_gridville, overflow_temple_1_default, serial_shops,
          nicolae_shop_waterfront, minmay_misc_feat_plants
D:9:      minmay_the_grid_3x2 [minmay_the_grid_small_cups,
          minmay_the_grid_embedded, minmay_the_grid_odd_star,
          minmay_the_grid_dragon_b, minmay_the_grid_eight,
          minmay_the_grid_prize_trominoes], layout_loops_cross,
          grunt_ashenzari_visionary [grunt_ashenzari_visionary_shoals,
          grunt_ashenzari_visionary_spider]
D:10:     minmay_inner_zag, layout_rooms
D:11:     layout_basic, david_lair_shrubbed, library_closet

Notes
Turn   | Place    | Note
-------+----------+-------------------------------------------
     0 | D:1      | AIAndy the Deep Elf Fire Elementalist began the quest for
                  | the Orb.
     0 | D:1      | Reached XP level 1. HP: 10/10 MP: 6/6
   231 | D:1      | Reached XP level 2. HP: 10/15 MP: 4/8
   633 | D:1      | Reached skill level 2 in Conjurations
   766 | D:2      | Found an ancient bone altar of Kikubaaqudgha.
   767 | D:2      | Found a sacrificial altar of Ru.
   767 | D:2      | Found a blossoming altar of Fedhas.
   784 | D:2      | Became a worshipper of Fedhas Madash
   796 | D:2      | Reached skill level 4 in Fire Magic
   863 | D:2      | Reached XP level 3. HP: 19/19 MP: 5/9
  1090 | D:2      | Reached skill level 3 in Conjurations
  1137 | D:2      | Reached XP level 4. HP: 24/24 MP: 5/10
  1143 | D:2      | Learned a level 4 spell: Sticky Flame
  1147 | D:2      | Learned a level 3 spell: Conjure Flame
  1518 | D:3      | Noticed Robin
  1794 | D:3      | Reached XP level 5. HP: 28/28 MP: 4/12
  1883 | D:3      | Reached * piety under Fedhas
  1913 | D:3      | Reached skill level 4 in Spellcasting
  1913 | D:3      | Reached skill level 5 in Fire Magic
  1921 | D:3      | Noticed a centaur
  2004 | D:3      | Killed a centaur
  2004 | D:3      | Reached skill level 4 in Conjurations
  2020 | D:3      | Reached XP level 6. HP: 19/32 MP: 3/14
  2439 | D:4      | Reached skill level 5 in Spellcasting
  2572 | D:4      | Reached skill level 5 in Conjurations
  2574 | D:4      | Reached XP level 7. HP: 36/36 MP: 7/17
  2581 | D:4      | Learned a level 5 spell: Fireball
  2583 | D:4      | Found a staircase to the Ecumenical Temple.
  2679 | D:4      | Reached skill level 6 in Fire Magic
  2723 | D:4      | Reached skill level 1 in Fighting
  2723 | D:4      | Reached skill level 3 in Dodging
  2848 | D:4      | Found Haitz's Book Shoppe.
  2957 | D:4      | Found a white marble altar of Elyvilon.
  3182 | D:4      | Reached skill level 6 in Spellcasting
  3308 | D:5      | Entered Level 5 of the Dungeon
  3397 | D:5      | Identified 2 potions of resistance
  3442 | D:5      | Reached skill level 2 in Fighting
  3680 | D:5      | Reached ** piety under Fedhas
  3680 | D:5      | Reached skill level 6 in Conjurations
  3680 | D:5      | Reached XP level 8. HP: 34/44 MP: 19/19
  3694 | D:5      | Found a snail-covered altar of Cheibriados.
  3717 | D:5      | Noticed a two-headed ogre
  3804 | D:6      | Reached skill level 7 in Fire Magic
  4551 | D:6      | Reached skill level 7 in Conjurations
  5039 | D:6      | Reached skill level 8 in Fire Magic
  5852 | D:7      | Noticed a hippogriff
  5907 | D:7      | Reached skill level 4 in Dodging
  5929 | D:7      | Reached skill level 8 in Conjurations
  5929 | D:7      | Reached XP level 9. HP: 45/48 MP: 14/20
  6623 | D:8      | Reached skill level 9 in Fire Magic
  6719 | D:8      | Reached *** piety under Fedhas
  6926 | D:8      | Reached skill level 9 in Conjurations
  7052 | D:8      | Found Waeloz's Magic Scroll Emporium.
  7074 | D:8      | Bought a scroll of identify for 22 gold pieces
  7074 | D:8      | Bought a scroll of teleportation for 33 gold pieces
  7074 | D:8      | Bought a scroll of blinking for 82 gold pieces
  7074 | D:8      | Bought a scroll of fear for 38 gold pieces
  7218 | D:8      | Found a radiant altar of Vehumet.
  7359 | D:8      | Reached skill level 10 in Fire Magic
  7665 | D:8      | Bought a scroll of enchant weapon for 82 gold pieces
  7665 | D:8      | Bought a scroll of magic mapping for 38 gold pieces
  7772 | D:9      | Reached skill level 1 in Invocations
  8087 | D:9      | Reached skill level 1 in Short Blades
  8182 | D:9      | Reached XP level 10. HP: 54/54 MP: 5/21
  8203 | D:9      | Noticed a two-headed ogre
  8391 | D:9      | Killed a two-headed ogre
  8391 | D:9      | Reached skill level 2 in Short Blades
  8391 | D:9      | Reached skill level 10 in Conjurations
  8391 | D:9      | Reached skill level 2 in Invocations
  8429 | D:9      | Reached skill level 5 in Dodging
  8537 | D:9      | Noticed a four-headed hydra
  8666 | D:9      | Found a shattered altar of Ashenzari.
  8672 | D:9      | Saw a vision of the Shoals and the Spider Nest.
  8672 | D:9      | Noticed a merfolk siren
  8672 | D:9      | Noticed a wolf spider
  8722 | D:9      | Reached skill level 3 in Fighting
  8722 | D:9      | Reached skill level 7 in Spellcasting
  8827 | D:9      | Noticed a great orb of eyes
  8861 | D:9      | Noticed a deep elf mage
  8865 | D:9      | Killed a deep elf mage
  8865 | D:9      | Reached skill level 3 in Invocations
  9297 | D:9      | Killed a four-headed hydra
  9297 | D:9      | Reached **** piety under Fedhas
  9297 | D:9      | Reached skill level 6 in Dodging
  9510 | D:8      | Reached skill level 8 in Spellcasting
  9510 | D:8      | Reached skill level 4 in Invocations
  9782 | D:9      | Noticed a manticore
  9818 | D:9      | Killed a manticore
  9818 | D:9      | Reached skill level 4 in Fighting
  9950 | D:9      | Got a transparent lead ring
  9951 | D:9      | Identified the ring of Udadun {rPois Slay+4 SInv} (You
                  | found it on level 9 of the Dungeon)
 10247 | D:9      | Got a twitching platinum amulet
 10248 | D:9      | Identified the amulet "Etan" {Gourm Dex+7} (You found it on
                  | level 9 of the Dungeon)
 10418 | D:10     | Entered Level 10 of the Dungeon
 10447 | D:10     | Reached XP level 11. HP: 61/61 MP: 19/25
 10454 | D:10     | Noticed a two-headed ogre
 10460 | D:10     | Killed a two-headed ogre
 10460 | D:10     | Reached skill level 5 in Invocations
 11031 | D:10     | Reached skill level 9 in Spellcasting
 11545 | D:11     | Noticed a red ugly thing
 11740 | D:11     | Noticed a red ugly thing
 11779 | D:11     | Reached skill level 11 in Fire Magic
 11784 | D:11     | Noticed a purple ugly thing
 11794 | D:11     | Killed a purple ugly thing
 11839 | D:11     | Identified the +3 bardiche of the Sun {pain, Str+2}
 11850 | D:11     | Reached skill level 6 in Invocations
 12232 | D:11     | Mangled by a red ugly thing

Vanquished Creatures
  A hydra (D:9)
  2 two-headed ogres
  An ugly thing (D:11)
  A deep elf mage (D:9)
  A manticore (D:9)
  2 kobold demonologists (D:11)
  A troll (D:11)
  2 hornets
  3 hippogriffs
  A wraith (D:10)
  3 wyverns
  2 hungry ghosts
  A steam dragon (D:8)
  An acid dragon (D:9)
  A sky beast (D:6)
  An orc warrior (D:7)
  3 ice beasts
  5 ogres
  2 black bears (D:9)
  A necrophage (D:11)
  4 phantoms
  4 centaurs
  4 big kobolds
  7 bullfrogs
  A gnoll sergeant (D:9)
  A wyvern skeleton (D:6)
  2 scorpions
  10 killer bees
  4 wights (D:6)
  6 howler monkeys
  2 bullfrog zombies
  7 crimson imps
  A quasit (D:10)
  A hound (D:9)
  2 bullfrog skeletons
  4 jellies
  2 centaur skeletons
  7 orc priests
  4 iguanas
  8 worker ants
  8 orc wizards
  A hound skeleton (D:6)
  A hound zombie (D:10)
  A worker ant zombie (D:9)
  4 gnolls (D:2)
  A howler monkey skeleton (D:9)
  9 adders
  3 shadow imps
  2 oozes
  3 worms
  2 dart slugs (D:1)
  5 leopard geckos
  30 orcs
  6 giant cockroaches
  6 goblins
  A hobgoblin (D:2)
  6 jackals
  2 quokkas
  7 bats
  2 frilled lizards
  18 kobolds
  A leopard gecko skeleton (D:9)
  A leopard gecko zombie (D:8)
  A quokka skeleton (D:8)
  6 rats
243 creatures vanquished.

Vanquished Creatures (others)
  779 foxfires
779 creatures vanquished.

Grand Total: 1022 creatures vanquished

Table legend:
 A = Turns spent in this place as a percentage of turns spent in the entire game.
 B = Non-inter-level travel turns spent in this place as a percentage of non-inter-level travel turns spent in the entire game.
 C = Inter-level travel turns spent in this place as a percentage of turns spent in this place.
 D = Turns resting spent in this place as a percentage of non-inter-level travel turns spent in this place.
 E = Turns spent auto-exploring this place as a percentage of non-inter-level travel turns spent in this place.
 F = Non-inter-level travel turns spent in this place divided by the number of levels of this place that you've seen.
                   A       B       C       D       E      F
               +-------+-------+-------+-------+-------+----------------------
         Total | 100.0 | 100.0 |   3.4 |  42.5 |  39.6 | 1073.6
       Dungeon | 100.0 | 100.0 |   3.4 |  42.5 |  39.6 | 1073.6
               +-------+-------+-------+-------+-------+----------------------

Table legend:
 A = Non-vault XP
 B = Vault XP
 C = Vault XP percentage of total XP
 D = Non-vault monster count
 E = Vault monster count
 F = Vault count percentage of total count
                 A         B        C        D         E       F
            +---------+---------+-------+---------+---------+-------
      Total |   10735 |    5428 |  33.6 |     214 |      29 |  11.9
            +---------+---------+-------+---------+---------+-------
        D:1 |      20 |       0 |   0.0 |      11 |       0 |   0.0
        D:2 |     137 |       0 |   0.0 |      25 |       0 |   0.0
        D:3 |     302 |       4 |   1.3 |      16 |       2 |  11.1
        D:4 |     677 |       0 |   0.0 |      23 |       0 |   0.0
        D:5 |     327 |       0 |   0.0 |       8 |       0 |   0.0
        D:6 |     843 |      34 |   3.9 |      15 |       1 |   6.2
        D:7 |     692 |     113 |  14.0 |      19 |       1 |   5.0
        D:8 |    1399 |     261 |  15.7 |      25 |       1 |   3.8
        D:9 |    1347 |    4529 |  77.1 |      29 |      20 |  40.8
       D:10 |    2245 |     487 |  17.8 |      25 |       4 |  13.8
       D:11 |    2746 |       0 |   0.0 |      18 |       0 |   0.0
            +---------+---------+-------+---------+---------+-------
